 Dungeon Crawl Stone Soup version 0.19-b1-4-gd8a0a2a (webtiles) character file.

82 cedor the Chopper (level 4, -4/37 HPs)
             Began as a Hill Orc Warper on Oct 30, 2016.
             Slain by tyranidshit's ghost (7 damage)
             ... on level 3 of the Dungeon.
             The game lasted 00:04:18 (2384 turns).

cedor the Chopper (Hill Orc Warper)                 Turns: 2384, Time: 00:04:19

Health: -4/37      AC:  5    Str: 13    XL:     4   Next: 43%
Magic:  5/7        EV: 10    Int: 14    God:
Gold:   45         SH:  0    Dex: 10    Spells: 2 memorised, 3 levels left

rFire  . . .     SeeInvis .     a - +0 hand axe
rCold  . . .     Gourm    .     i - +0 ring mail
rNeg   . . .     Faith    .     (no shield)
rPois  .         Spirit   .     (no helmet)
rElec  .         Reflect  .     (no cloak)
rCorr  .         Harm     .     (no gloves)
MR     .....                    (no boots)
Stlth  ..........               (no amulet)
                                (no ring)
                                (no ring)

@: no status effects
A: no striking features
a: no special abilities


You were on level 3 of the Dungeon.
You were not hungry.

You visited 1 branch of the dungeon, and saw 3 of its levels.

You collected 45 gold pieces.


   Skills:
 - Level 2.4 Fighting
 * Level 4.3 Axes
 - Level 0.8 Throwing
 + Level 2.1 Armour
 - Level 1.5 Dodging
 - Level 2.0 Spellcasting
 + Level 0.6 Charms
 + Level 2.7 Translocations


You had 3 spell levels left.
You knew the following spells:

 Your Spells              Type           Power        Failure   Level  Hunger
a - Shroud of Golubria    Chrm/Tloc      #.........   38%         2    ###....
b - Blink                 Tloc           N/A          28%         2    ###....

Inventory:

Hand Weapons
 a - a +0 hand axe (weapon)
 b - a +0 hunting sling
Missiles
 e - 5 tomahawks of dispersal {=f}
 o - 77 stones (quivered)
 p - 38 sling bullets
Armour
 i - a +0 ring mail (worn)
 k - a +0 leather armour
Scrolls
 d - a scroll of blinking
 j - 2 scrolls of identify {unknown}
 m - 6 scrolls of remove curse {unknown}
 r - a scroll of teleportation {unknown}
Potions
 g - a potion of ambrosia {unknown}
 h - a potion of heal wounds {unknown}
 q - 2 potions of flight {unknown}
Books
 c - a book of Spatial Translocations

   Spells                             Type                      Level
   a - Blink                          Translocation                2
   b - Shroud of Golubria             Charms/Translocation         2
   c - Lesser Beckoning               Translocation                3
   d - Portal Projectile              Translocation                3
   e - Teleport Other                 Translocation                3
   f - Passage of Golubria            Translocation                4
Comestibles
 f - 2 bread rations
 l - 3 fruits

Dungeon Overview and Level Annotations

Branches:
Dungeon (3/15)

Altars:

Annotations:
D:3 tyranidshit's ghost, weakling DsAK

▒▒ ..▒ .. ▒.▒ ▒▒.
▒▒▒ .!▒....
.....▒▒▒▒▒▒(......
......Wo..g..▒
.........▒▒▒▒▒
▒▒▒▒▒▒...▒ ▒.▒.▒
▒..▒.. ...▒▒▒▒▒
..▒▒ ..


You could see tyranidshit's ghost and a hobgoblin.


Message History

Tyranidshit's ghost is heavily damaged.
Tyranidshit's ghost hits you but does no damage.
You hit tyranidshit's ghost.
Tyranidshit's ghost is severely damaged.
Tyranidshit's ghost misses you.
You hit tyranidshit's ghost.
Tyranidshit's ghost is severely damaged.
Tyranidshit's ghost barely misses you.
You hit tyranidshit's ghost.
Tyranidshit's ghost is almost destroyed.
Tyranidshit's ghost closely misses you.
You hit tyranidshit's ghost.
Tyranidshit's ghost is almost destroyed.
Tyranidshit's ghost hits you.
* * * LOW HITPOINT WARNING * * *
You hit tyranidshit's ghost but do no damage.
Tyranidshit's ghost is almost destroyed.
Tyranidshit's ghost hits you!
* * * LOW HITPOINT WARNING * * *
You barely miss tyranidshit's ghost.
Tyranidshit's ghost is almost destroyed.
Tyranidshit's ghost hits you.
* * * LOW HITPOINT WARNING * * *
Tyranidshit's ghost closely misses you.
A hobgoblin comes into view. It is wielding a club.
You barely miss tyranidshit's ghost.
Tyranidshit's ghost is almost destroyed.
The hobgoblin shouts!
Tyranidshit's ghost hits you!
You die...

Action                   |  1- 3 |  4- 6 || total
-------------------------+-------+-------++-------
Melee: Hand axe          |   136 |    75 ||   211
 Fire: Hunting sling     |     1 |       ||     1
 Cast: Shroud of Golubri |     1 |     2 ||     3
  Eat: Chunk             |     2 |     3 ||     5
Armor: Ring mail         |    59 |    24 ||    83
       Leather armour    |     4 |       ||     4
Dodge: Dodged            |    88 |    37 ||   125

Vault maps used:
D:1:      ldierk_walled_garden, hangedman_glass_teeth
D:3:      overflow_temple_1_default, roderic_roman_lattice

Notes
Turn   | Place    | Note
-------+----------+-------------------------------------------
     0 | D:1      | cedor the Hill Orc Warper began the quest for the Orb.
     0 | D:1      | Reached XP level 1. HP: 18/18 MP: 3/3
   617 | D:1      | Reached skill level 3 in Axes
   625 | D:1      | Reached XP level 2. HP: 20/25 MP: 4/4
   629 | D:1      | Learned a level 2 spell: Blink
   632 | D:1      | Learned a level 2 spell: Shroud of Golubria
   777 | D:1      | Reached skill level 2 in Spellcasting
   952 | D:1      | Reached XP level 3. HP: 27/30 MP: 6/6
  1452 | D:2      | Reached XP level 4. HP: 35/37 MP: 4/7
  1459 | D:2      | Reached skill level 2 in Armour
  1627 | D:2      | Reached skill level 4 in Axes
  2235 | D:3      | Noticed tyranidshit's ghost (weakling DsAK)
  2383 | D:3      | HP: 3/37 [tyranidshit's ghost (1)]
  2384 | D:3      | Slain by tyranidshit's ghost

Vanquished Creatures
  2 adders (D:2)
  2 worms (D:2)
  3 dart slugs
  3 leopard geckos (D:1)
  An orc (D:3)
  2 ball pythons
  2 giant cockroaches
  2 hobgoblins (D:2)
  3 jackals (D:2)
  6 kobolds
  A quokka (D:2)
  5 bats
  2 frilled lizards (D:2)
  8 goblins
  3 rats
45 creatures vanquished.

Vanquished Creatures (others)
  5 toadstools (D:1)
5 creatures vanquished.

Grand Total: 50 creatures vanquished
